 Dungeon Crawl Stone Soup version 0.19-a0-1899-g2d93087 (webtiles) character file.

158 dobroeutro the Bolt Thrower (level 5, -6/33 HPs)
             Began as a Kobold Hunter on Oct 19, 2016.
             Killed by divine providence
             ... invoked by an orc priest
              (11 damage)
             ... on level 3 of the Dungeon.
             The game lasted 00:04:21 (2640 turns).

dobroeutro the Bolt Thrower (Kobold Hunter)         Turns: 2640, Time: 00:04:21

Health: -6/33      AC:  4    Str: 10    XL:     5   Next: 66%
Magic:  5/5        EV: 15    Int: 12    God:
Gold:   82         SH:  0    Dex: 19    Spells: 0 memorised, 4 levels left

rFire  . . .     SeeInvis .     m - +3 short sword (venom)
rCold  . . .     Gourm    .     c - +0 leather armour
rNeg   . . .     Faith    .     (shield restricted)
rPois  .         Spirit   .     i - +0 helmet
rElec  .         Reflect  .     (no cloak)
rCorr  .         Harm     .     (no gloves)
MR     .....                    (no boots)
Stlth  ++........               (no amulet)
                                (no ring)
                                q - +3 ring of dexterity

@: no status effects
A: carnivore 3
a: no special abilities


You were on level 3 of the Dungeon.
You were completely stuffed.

You visited 1 branch of the dungeon, and saw 3 of its levels.

You collected 82 gold pieces.

Inventory:

Hand Weapons
 a - a +1 hand crossbow
 m - a +3 short sword of venom (weapon)
Missiles
 d - 11 bolts
Armour
 c - a +0 leather armour (worn)
 i - a +0 helmet (worn)
Jewellery
 q - a +3 ring of dexterity (left hand)
Scrolls
 e - a scroll of magic mapping {unknown}
 h - a scroll of remove curse {unknown}
 j - 2 scrolls of identify {unknown}
 k - 3 scrolls of teleportation {unknown}
 o - a scroll of recharging {unknown}
Potions
 b - a potion of degeneration {unknown}
 l - a potion of flight {unknown}
 n - a potion of curing {unknown}
 p - a potion of brilliance {unknown}
Comestibles
 f - 3 meat rations


   Skills:
 + Level 4.1 Fighting
 + Level 3.1 Short Blades
 + Level 5.6 Crossbows
 - Level 3.1 Dodging
 - Level 1.3 Stealth


You had 4 spell levels left.
You didn't know any spells.

Dungeon Overview and Level Annotations

Branches:
Dungeon (3/15)

Altars:
The Shining One


Innate Abilities, Weirdness & Mutations

You are small and have problems with some larger weapons.
You are carnivorous and can eat meat at any time.


Message History

You hit the orc.
The orc looks as sick as possible!
The orc is lightly wounded.
The orc priest calls upon Beogh to heal the orc priest.
The orc priest's wounds heal themselves!
You kill the orc!
The orc priest casts a cantrip, but nothing happens.
The orc priest mumbles some strange prayers to Beogh against you.
Beogh smites you!
Things that are here:
a club; a chain mail You hit the orc priest but do no damage.
The orc priest is poisoned.
The orc priest hits you with a dagger.
The orc priest calls down the wrath of Beogh upon you.
Pain shoots through your body!
* * * LOW HITPOINT WARNING * * *
The orc priest calls upon Beogh to heal the orc priest.
The orc priest's wounds heal themselves!
The orc priest invokes the aid of Beogh against you.
Beogh smites you!
You die...

#.# #.# .# #.# .# #.#
.# #.# .# #.# o# #.#
.#
#.#################)#
#............@..o.o.#
#####################


You could see 2 orc priests.

Vanquished Creatures
  Jessica (D:2)
  Terence (D:2)
  Robin (D:2)
  2 adders
  An ooze (D:1)
  A worm (D:3)
  A leopard gecko (D:1)
  3 orcs (D:3)
  A ball python (D:2)
  5 bats
  3 giant cockroaches
  14 goblins
  9 hobgoblins
  3 jackals (D:1)
  3 quokkas
  4 frilled lizards
  3 kobolds
  7 rats
63 creatures vanquished.

Notes
Turn   | Place    | Note
-------+----------+-------------------------------------------
     0 | D:1      | dobroeutro the Kobold Hunter began the quest for the Orb.
     0 | D:1      | Reached XP level 1. HP: 12/12 MP: 1/1
    73 | D:1      | Reached XP level 2. HP: 15/18 MP: 2/2
   214 | D:1      | Reached skill level 1 in Short Blades
   597 | D:1      | Reached XP level 3. HP: 13/23 MP: 3/3
  1067 | D:1      | Reached skill level 5 in Crossbows
  1257 | D:2      | Noticed Terence
  1262 | D:2      | Killed Terence
  1262 | D:2      | Reached XP level 4. HP: 20/28 MP: 4/4
  1914 | D:2      | Noticed Jessica
  1917 | D:2      | Killed Jessica
  1917 | D:2      | Reached XP level 5. HP: 33/33 MP: 5/5
  2014 | D:2      | Found a glowing golden altar of the Shining One.
  2076 | D:2      | Noticed Robin
  2380 | D:2      | Killed Robin
  2640 | D:3      | Killed from afar by an orc priest

Vault maps used:
D:1:      ncdulo_watergridlock
D:2:      serial_forest, infiniplex_forest_straight_5,
          infiniplex_forest_lined_3, infiniplex_forest_lined_room_3,
          infiniplex_forest_straight_4, infiniplex_forest_fountain,
          nicolae_tso_swordbearing_angel, uniq_jessica, uniq_terence, uniq_robin
D:3:      minmay_misc_feat_iff, amethyst_killhole

Skill      XL: |  1  2  3  4  5 |
---------------+----------------+-----
Short Blades   | 1 2 3 |  3.1
Fighting       | 3 4 |  4.1
Crossbows      | 5 |  5.6
Dodging        | 3 |  3.1
Stealth        | |  1.3

Action                   |  1- 3 |  4- 6 || total
-------------------------+-------+-------++-------
Melee: Short sword       |   115 |   101 ||   216
 Fire: Hand crossbow     |     4 |    10 ||    14
  Use: Potion            |       |     1 ||     1
 Stab: Sleeping          |     3 |       ||     3
  Eat: Chunk             |     4 |    10 ||    14
Armor: Leather armour    |    25 |    20 ||    45
Dodge: Dodged            |    94 |    86 ||   180
